 Dungeon Crawl Stone Soup version 0.23-a0-622-g59b4ea9 (webtiles) character file.

39 Matador8 the Poker (level 3, -3/27 HPs)
             Began as a Merfolk Skald on Dec 23, 2018.
             Slain by a gnoll
             ... wielding a +0 whip
              (7 damage)
             ... on level 2 of the Dungeon.
             The game lasted 00:03:38 (992 turns).

Matador8 the Poker (Merfolk Skald)                   Turns: 992, Time: 00:03:39

Health: -3/27      AC:  3    Str: 12    XL:     3   Next: 45%
Magic:  3/6        EV: 12    Int: 12    God:
Gold:   60         SH:  0    Dex: 13    Spells: 3/6 levels left

rFire    . . .     SeeInvis .   a - +0 spear
rCold    . . .     Gourm    .   (no shield)
rNeg     . . .     Faith    .   b - +0 leather armour
rPois    .         Spirit   .   (no helmet)
rElec    .         Reflect  .   (no cloak)
rCorr    .         Harm     .   (no gloves)
MR       .....                  (no boots)
Stlth    +.........             (no amulet)
HPRegen  0.09/turn              (no ring)
MPRegen  0.10/turn              (no ring)

@: no status effects
A: change form in water, swift swim, stealthy swim
a: no special abilities


You were on level 2 of the Dungeon.
You were hungry.

You visited 1 branch of the dungeon, and saw 2 of its levels.

You collected 60 gold pieces.

Inventory:

Hand Weapons
 a - a +0 spear (weapon)
Missiles
 m - 2 throwing nets (quivered)
Armour
 b - a +0 leather armour (worn)
 c - a +0 ring mail
 e - a scarf of cloud immunity
 k - a +0 shield
Scrolls
 f - a scroll of fog {unknown}
 l - 3 scrolls of identify {unknown}
 n - a scroll of enchant armour {unknown}
 r - a scroll of teleportation {unknown}
Potions
 g - a potion of magic {unknown}
 h - 3 potions of haste {unknown}
 i - 2 potions of mutation {unknown}
 j - a potion of ambrosia {unknown}
 o - a potion of invisibility {unknown}
 p - a potion of cancellation {unknown}
 q - a potion of brilliance {unknown}
Comestibles
 d - 4 rations
 s - 2 chunks of flesh


   Skills:
 - Level 2.1 Fighting
 + Level 4.4 Polearms
 - Level 0.6 Armour
 - Level 2.6 Dodging
 - Level 2.0 Spellcasting
 + Level 4.1 Charms


You had 3 spell levels left.
You knew the following spells:

 Your Spells              Type           Power        Failure   Level  Hunger
a - Infusion              Chrm           ##..         6%          1    ##.....
b - Shroud of Golubria    Chrm/Tloc      #.........   22%         2    ###....

Your spell library contained the following spells:

 Spells                   Type           Power        Failure   Level  Hunger
 Song of Slaying          Chrm           ##......     10%         2    ###....
 Regeneration             Chrm/Necr      #.........   41%         3    ####...
 Spectral Weapon          Hex/Chrm       #.......     41%         3    ####...


Dungeon Overview and Level Annotations

Branches:
Dungeon (2/15)

Altars:


Message History

You barely miss the gnoll.
The gnoll is moderately wounded.
The gnoll barely misses you.
You are feeling hungry.
You hit the gnoll.
The gnoll is severely wounded.
You hit the gnoll.
The gnoll is heavily wounded.
You hit the gnoll but do no damage.
The gnoll is heavily wounded.
Your shroud unravels.
The gnoll hits you with a +0 whip!
You hit the gnoll.
The gnoll is severely wounded.
The gnoll hits you with a +0 whip.
* * * LOW HITPOINT WARNING * * *
You hit the gnoll but do no damage.
The gnoll is severely wounded.
The gnoll hits you with a +0 whip!
You die...

###########
#.........#
#.........#
.<........#
..........#
...........##
....###.....#########
.........†.gg@).....#
....###....(#######.#
.. #.....# #.#
#.....# #.# #.....#
#.# #.....# #.#
####### #.# #.# #.#


You could see 2 gnolls.

Vanquished Creatures
  A gnoll (D:2)
  2 giant cockroaches (D:1)
  5 goblins (D:1)
  6 hobgoblins
  A quokka (D:2)
  A ball python (D:1)
  4 bats
  2 frilled lizards (D:1)
  4 kobolds
  3 rats (D:1)
29 creatures vanquished.

Notes
Turn   | Place    | Note
-------+----------+-------------------------------------------
     0 | D:1      | Matador8 the Merfolk Skald began the quest for the Orb.
     0 | D:1      | Reached XP level 1. HP: 16/16 MP: 3/3
   268 | D:1      | Reached XP level 2. HP: 22/22 MP: 5/5
   272 | D:1      | Learned a level 2 spell: Shroud of Golubria
   920 | D:2      | Reached XP level 3. HP: 27/27 MP: 3/6
   992 | D:2      | Slain by a gnoll

Vault maps used:
D:1:      ncdulo_wetmaze, kennysheep_pointless_box
D:2:      chequers_ecumenical_altar_simple, first_ration

Skill      XL: |  1  2  3 |
---------------+----------+-----
Polearms       | 4 |  4.4
Charms         | 4 |  4.1
Fighting       | |  2.1
Armour         | |  0.6
Dodging        | |  2.6
Spellcasting   | |  2.0

Action                   || total
-------------------------++-------
Melee: Spear             ||    95
 Cast: Infusion          ||     2
       Shroud of Golubri ||     1
 Stab: Sleeping          ||     1
Armor: Leather armour    ||    13
Dodge: Dodged            ||    46

Table legend:
 A = Non-vault XP
 B = Vault XP
 C = Vault XP percentage of total XP
 D = Non-vault monster count
 E = Vault monster count
 F = Vault count percentage of total count
                 A         B        C        D         E       F
            +---------+---------+-------+---------+---------+-------
      Total |      56 |       0 |   0.0 |      29 |       0 |   0.0
            +---------+---------+-------+---------+---------+-------
        D:1 |      33 |       0 |   0.0 |      23 |       0 |   0.0
        D:2 |      23 |       0 |   0.0 |       6 |       0 |   0.0
            +---------+---------+-------+---------+---------+-------
